 Dungeon Crawl Stone Soup version 0.21.1-1-g345015f (webtiles) character file.

1764 Zubo the Arsonist (level 8, 0/44 HPs)
             Began as a Deep Elf Fire Elementalist on July 12, 2018.
             Was an Initiate of Vehumet.
             Killed by divine providence
             ... invoked by an orc priest
              (15 damage)
             ... on level 6 of the Dungeon.
             The game lasted 00:19:47 (5027 turns).

Zubo the Arsonist (Deep Elf Fire Elementalist)      Turns: 5027, Time: 00:19:47

Health: 0/44       AC:  5    Str:  6    XL:     8   Next: 79%
Magic:  0/30       EV: 13    Int: 22    God:    Vehumet [......]
Gold:   80         SH:  0    Dex: 15    Spells: 9/21 levels left

rFire    + . .     SeeInvis .   y - staff of death
rCold    + . .     Gourm    .   (no shield)
rNeg     + . .     Faith    .   B - +1 robe {rC+ rF+}
rPois    .         Spirit   .   (no helmet)
rElec    .         Reflect  .   (no cloak)
rCorr    .         Harm     .   h - +1 pair of gloves
MR       .....                  (no boots)
Stlth    ++........             (no amulet)
HPRegen  0.14/turn              l - ring of magical power
MPRegen  0.22/turn              (no ring)

@: about to teleport, very slightly contaminated
A: no striking features
a: Renounce Religion


You were on level 6 of the Dungeon.
You worshipped Vehumet.
Vehumet was noncommittal.
You were near starving.

You visited 2 branches of the dungeon, and saw 7 of its levels.

You collected 278 gold pieces.
You spent 198 gold pieces at shops.

Inventory:

Hand Weapons
 q - a +1 quarterstaff
Armour
 a - a +0 robe
 h - a +1 pair of gloves (worn)
 B - a +1 robe of resistance (worn)
Magical Staves
 y - an uncursed staff of death (weapon)
Jewellery
 l - a ring of magical power (left hand)
Wands
 w - a wand of clouds (4)
 x - a wand of iceblast (4)
Scrolls
 n - a scroll of magic mapping
 s - a scroll of enchant weapon
 u - a scroll of blinking
 v - a scroll of enchant armour
 A - 2 scrolls of noise {unknown}
Potions
 d - a potion of resistance {unknown}
 e - 3 potions of mutation
 f - a potion of agility
 g - a potion of berserk rage {unknown}
 i - 2 potions of curing
 j - a potion of haste {unknown}
 k - a potion of lignification
 p - 3 potions of might
 t - 2 potions of flight
 z - a potion of invisibility {unknown}
Books
 b - a book of Flames

   Spells                             Type                      Level
   a - Flame Tongue                   Conjuration/Fire             1
   b - Throw Flame                    Conjuration/Fire             2
   c - Conjure Flame                  Conjuration/Fire             3
   d - Inner Flame                    Hexes/Fire                   3
   e - Sticky Flame                   Conjuration/Fire             4
   f - Fireball                       Conjuration/Fire             5
Comestibles
 c - 13 rations


   Skills:
 + Level 2.1 Fighting
 - Level 2.4 Dodging
 - Level 2.4 Stealth
 + Level 7.3 Spellcasting
 + Level 3.2 Conjurations
 * Level 10.5 Fire Magic


You had 9 spell levels left.
You knew the following spells:

 Your Spells              Type           Power        Failure   Level  Hunger
a - Flame Tongue          Conj/Fire      #####        1%          1    None
b - Throw Flame           Conj/Fire      #####.       1%          2    None
c - Sticky Flame          Conj/Fire      #####...     4%          4    ###....
d - Fireball              Conj/Fire      #####.....   13%         5    #####..


Dungeon Overview and Level Annotations

Branches:
Dungeon (6/15)             Temple (1/1) D:6

Altars:
Ashenzari
Cheibriados
Dithmenos
Elyvilon
Fedhas
Gozag
Hepliaklqana
Kikubaaqudgha
Nemelex Xobeh
Okawaru
Qazlal
Ru
Sif Muna
Trog
Uskayaw
Vehumet
Wu Jian
Xom
Yredelemnul
Zin
The Shining One

Shops:
D:5 !

Annotations:
D:6 Blork the orc, Menkaure


Message History

The orc priest barely misses you. The orc barely misses you.
You feel better.
The crimson imp blinks!
The orc completely misses you. The orc barely misses you.
The orc priest hits you but does no damage.
Casting: Flame Tongue
Confirm with . or Enter, or press ? or * to list all spells.
Aiming: Sticky Flame
Press: ? - help, Shift-Dir - straight line, f - orc priest
Aim: an orc priest, wielding a whip and wearing a leather armour The sticky flame hits the orc priest.
The orc priest is lightly wounded.
The orc priest is covered in liquid flames!
Menkaure is no longer moving quickly.
The orc priest burns!
The orc priest calls upon Beogh to heal the orc priest.
The orc priest's wounds heal themselves!
The orc misses you.
The crimson imp blinks!
The orc barely misses you. The orc hits you with a flail!
The orc priest mumbles some strange prayers to Beogh against you.
Beogh smites you!
You die...

.. . ..
#.## .M
..5ยง##.
#..o.#.
#..5.
#..o##
#..o@#
.....#oo#
### #..#
##.# ###


You could see Menkaure, 2 orc priests, a crimson imp, a shadow imp and 3 orcs.

Vanquished Creatures
  The ghost of Zubo the Digger, an amateur OpEE (D:5)
  A phantom (D:4)
  2 ice beasts (D:5)
  A sky beast (D:5)
  3 ogres
  A bullfrog (D:6)
  2 scorpions
  A howler monkey (D:5)
  2 crimson imps (D:5)
  A jelly (D:5)
  5 orc priests
  2 hounds (D:4)
  8 orc wizards
  A bullfrog skeleton (D:5)
  2 worker ants (D:5)
  10 adders
  A shadow imp (D:5)
  An ooze (D:4)
  An adder skeleton (D:4)
  A worm (D:3)
  2 dart slugs (D:1)
  23 orcs
  A giant cockroach (D:1)
  4 goblins
  6 hobgoblins
  2 jackals (D:5)
  4 kobolds (D:1)
  A quokka (D:4)
  10 bats
  5 frilled lizards
  A jackal skeleton (D:4)
  2 leopard gecko skeletons (D:4)
  2 quokka skeletons
  4 rats
114 creatures vanquished.

Notes
Turn   | Place    | Note
-------+----------+-------------------------------------------
     0 | D:1      | Zubo the Deep Elf Fire Elementalist began the quest for the Orb.
     0 | D:1      | Reached XP level 1. HP: 10/10 MP: 6/6
   293 | D:1      | Reached XP level 2. HP: 13/15 MP: 5/8
   297 | D:1      | Reached skill level 4 in Fire Magic
   301 | D:1      | Learned a level 2 spell: Throw Flame
  1079 | D:2      | Found a blossoming altar of Fedhas.
  1141 | D:2      | Found an ornate altar of the Wu Jian Council.
  1286 | D:2      | Reached XP level 3. HP: 19/19 MP: 9/9
  1416 | D:2      | Reached skill level 5 in Fire Magic
  1665 | D:3      | Reached XP level 4. HP: 21/24 MP: 10/10
  1679 | D:3      | Learned a level 4 spell: Sticky Flame
  1880 | D:3      | Reached skill level 6 in Fire Magic
  1964 | D:3      | Reached XP level 5. HP: 17/28 MP: 4/11
  2085 | D:3      | Found a basalt altar of Yredelemnul.
  2251 | D:3      | Found a shadowy altar of Dithmenos.
  2462 | D:3      | Reached skill level 7 in Fire Magic
  2556 | D:3      | Reached XP level 6. HP: 31/32 MP: 11/13
  3010 | D:4      | Reached skill level 8 in Fire Magic
  3286 | D:4      | Reached XP level 7. HP: 30/36 MP: 15/16
  3556 | D:5      | Entered Level 5 of the Dungeon
  3565 | D:5      | Reached skill level 5 in Spellcasting
  3572 | D:5      | Noticed Zubo's ghost (amateur OpEE)
  3579 | D:5      | Killed Zubo's ghost
  3579 | D:5      | Reached skill level 9 in Fire Magic
  3739 | D:5      | Found Palyt's Distillery.
  3743 | D:5      | Bought a potion of might for 44 gold pieces
  3743 | D:5      | Bought a potion of lignification for 33 gold pieces
  3743 | D:5      | Bought a potion of flight for 33 gold pieces
  3743 | D:5      | Bought a potion of magic for 88 gold pieces
  3840 | D:5      | Found a hide-covered altar of Uskayaw.
  3841 | D:5      | Found a shattered altar of Ashenzari.
  3845 | D:5      | Found a sacrificial altar of Ru.
  3848 | D:5      | Found a bloodstained altar of Trog.
  3848 | D:5      | Found a hazy altar of Hepliaklqana.
  3915 | D:5      | Reached XP level 8. HP: 35/41 MP: 11/19
  4174 | D:5      | Reached skill level 1 in Fighting
  4296 | D:5      | Reached skill level 10 in Fire Magic
  4440 | D:5      | Found a sparkling altar of Nemelex Xobeh.
  4440 | D:5      | Found a glowing golden altar of the Shining One.
  4612 | D:6      | Found a glowing silver altar of Zin.
  4690 | D:6      | Found a staircase to the Ecumenical Temple.
  4700 | Temple   | Entered the Ecumenical Temple
  4911 | Temple   | Became a worshipper of Vehumet
  4961 | D:6      | Learned a level 5 spell: Fireball
  4986 | D:6      | Noticed Menkaure
  5016 | D:6      | Noticed Blork the orc
  5018 | D:6      | Found a deep blue altar of Sif Muna.
  5027 | D:6      | Killed from afar by an orc priest

Skill      XL: |  1  2  3  4  5  6  7  8 |
---------------+-------------------------+-----
Fire Magic     | 4 5 6 7 8 9 10 | 10.5
Spellcasting   | 4 6 7 |  7.3
Fighting       | 2 |  2.1
Conjurations   | 3 |  3.2
Dodging        | |  2.4
Stealth        | |  2.4

Action                   |  1- 3 |  4- 6 |  7- 9 || total
-------------------------+-------+-------+-------++-------
Melee: Quarterstaff      |     1 |       |       ||     1
       Staff             |       |       |     2 ||     2
 Cast: Flame Tongue      |    48 |    57 |    65 ||   170
       Throw Flame       |     8 |    27 |    43 ||    78
       Sticky Flame      |       |     5 |    10 ||    15
       Fireball          |       |       |     3 ||     3
Evoke: Wand              |       |       |     3 ||     3
  Use: Scroll            |     8 |     3 |     6 ||    17
       Potion            |       |       |     5 ||     5
  Eat: Chunk             |     3 |     6 |     6 ||    15
Armor: Robe              |     5 |     2 |     6 ||    13
Dodge: Dodged            |    14 |    19 |    34 ||    67
